[Event "Early-Titled-Tuesday-Blitz-April-16-2024"]
[Site "Chess.com"]
[Date "2024.04.16"]
[Round "4"]
[White "WindWhistler11"]
[Black "Mops_2004"]
[Result "0-1"]
[WhiteElo "2524"]
[BlackElo "2792"]
[TimeControl "180+1"]
[EndTime "8:40:24 PDT"]
[Termination "Mops_2004 won on time"]

1. Nf3 f5 2. g3 Nf6 3. Bg2 g6 4. d3 d6 5. c4 e5 6. Nc3 Bg7 7. O-O a5 8. Rb1 Nc6 9. a3 h6 10. b4 axb4 11. axb4 O-O 12. b5 Ne7 13. Qc2 g5 14. c5 Ng6 15. cxd6 cxd6 16. Qb3+ Kh7 17. b6 g4 18. Nd2 h5 19. Ba3 h4 20. Nc4 Be6 21.
Nb5 d5 22. Ncd6 Qxb6 23. Rfc1 Bg8 24. Rc7 f4 25. Rxb7 Qa5 26. Bb4 Qd8 27. Rxg7+ Kxg7 28. Nf5+ Kh7 29. Bxf8 Qxf8 30. Rc1 Rc8 31. Qb2 fxg3 32.
hxg3 hxg3 33. Nxg3 Nf4 34. Rxc8 Qxc8 35. Nd6 Qe6 36.
Ndf5 Bf7 37. Bf1 e4 38. dxe4 dxe4 39. e3 Ng6 40. Qd4 Ne5 41. Be2 Kg6 42. Bc4 Nxc4 43. Nh4+ Kg5 44. Ngf5 Ne5 45. Qd8 Bg6 46. Qh8 Bxf5 47.
Qg7+ Bg6 48. Ng2 Nf3+ 0-1

[Event "Early-Titled-Tuesday-Blitz-April-16-2024"]
[Site "Chess.com"]
[Date "2024.04.16"]
[Round "4"]
[White "Zarinur"]
[Black "DarkAlekhine"]
[Result "1-0"]
[WhiteElo "2514"]
[BlackElo "2743"]
[TimeControl "180+1"]
[EndTime "8:40:24 PDT"]
[Termination "Zarinur won on time"]

1. e4 c5 2. Nf3 d6 3. Bb5+ Nd7 4. d4 cxd4 5. Qxd4 a6 6. Bxd7+ Bxd7 7. O-O Rc8 8. c4 e5 9. Qd3 b5 10. Na3 Qb6 11. Be3 Qb7 12. cxb5 axb5 13. Rfe1 h6 14.
Bd2 Nf6 15. Bb4 Rd8 16. Nb1 Be7 17. Nc3 O-O 18. Nxe5 Be6 19. Qxb5 Qc7 20. Ba5 Qc8 21. Bxd8 Bxd8 22. Nf3 Qa8 23. a4 Bc7 24. Reb1 Rb8 25.
Qe2 Bb6 26. h3 Nh5 27. b4 Nf4 28. Qd2 g5 29. a5 Ba7 30. b5 Bc5 31. Na4 Qxe4 32.
Nxc5 dxc5 33. a6 Bxh3 34. Re1 Qf5 35. a7 Ra8 36. Nh2 Bxg2 37. Qe3 Bd5 38. Qg3 Nh3+ 39. Kf1 Bc4+ 40. Re2 Nf4 41. Re1 Nxe2 42. Rxe2 Bxe2+ 43. Kxe2 Qe6+ 44. Kf1 Qc4+ 45. Kg1 Qxb5 46. Qc7 1-0

[Event "Early-Titled-Tuesday-Blitz-April-16-2024"]
[Site "Chess.com"]
[Date "2024.04.16"]
[Round "4"]
[White "Cheer_Down"]
[Black "Nikolakis2014"]
[Result "0-1"]
[WhiteElo "2495"]
[BlackElo "2730"]
[TimeControl "180+1"]
[EndTime "8:40:24 PDT"]
[Termination "Nikolakis2014 won by resignation"]

1. e4 c5 2. Nf3 Nc6 3. d4 cxd4 4. Nxd4 Nf6 5. Nc3 e5 6. Ndb5 d6 7. Bg5 a6 8. Na3 b5 9. Nd5 Be7 10. Bxf6 Bxf6 11. c3 Rb8 12. Nc2 Bg5 13. a4 bxa4 14.
Ncb4 Nxb4 15. cxb4 O-O 16. Qxa4 Bb7 17. Bc4 Rc8 18. b3 Kh8 19. Qa5 Bxd5 20. Qxd8 Bxd8 21. exd5 Rb8 22. Rxa6 Bb6 23. Ke2 f5 24. Rha1 e4 25. g3 g5 26. Rg1 Kg7 27. h4 h6 28. hxg5 hxg5 29. Rh1 Rfe8 30. Raa1 Bd4 31. Ra6 Bb6 32. Raa1 Ra8 33. b5 Rxa1 34. Rxa1 Kf6 35. Ra6 Rb8 36. Ra1 Ke5 37. Rh1 Ra8 38. Rh5 Ra2+ 39. Kf1 Rxf2+ 40. Ke1 e3 41. Rxg5 Kd4 42. Be2 Kxd5 43. g4 Ke4 44. Rxf5 Rh2 45. Rf6 Rh1+ 46. Bf1 Ba5+ 47. Ke2 Rh2+ 48.
Kd1 Rd2+ 49. Kc1 e2 50. Bxe2 Rxe2 51. Re6+ Kd3 52. Rxe2 Kxe2 53. g5 Bd2+ 54. Kc2 Bxg5 55. Kc3 Ke3 56. b6 d5 57. b7 Bf4 58. Kb4 d4 0-1

[Event "Early-Titled-Tuesday-Blitz-April-16-2024"]
[Site "Chess.com"]
[Date "2024.04.16"]
[Round "4"]
[White "jcibarra"]
[Black "Meri-Arabidze"]
[Result "0-1"]
[WhiteElo "2945"]
[BlackElo "2699"]
[TimeControl "180+1"]
[EndTime "8:40:25 PDT"]
[Termination "Meri-Arabidze won on time"]

1. e4 c5 2. Nf3 e6 3. d3 Nc6 4. Qe2 d6 5. g3 Nf6 6. Bg2 Be7 7. O-O O-O 8. c3 e5 9. Rd1 Bg4 10. Nbd2 Re8 11. h3 Bh5 12. Nc4 Bf8 13. g4 Bg6 14. Bg5 h6 15. Bh4 Be7 16. Ne3 Nh7 17. Bg3 Bg5 18. h4 Bxe3 19. Qxe3 f6 20. Nd2 Qd7 21. Qe2 Nf8 22. Bh3 Bf7 23. Nc4 d5 24. Ne3 d4 25.
Nf5 Be6 26. Kh2 Ng6 27. Qf3 Rad8 28. c4 Qc7 29. Rg1 Nf4 30. g5 fxg5 31. hxg5 Nxh3 32.
Kxh3 g6 33. gxh6 Kh7 34. Bh4 Ne7 35. Bxe7 Rxe7 36. Rg5 Rf7 37. Rag1 gxf5 38. exf5 Rdf8 39. Rg7+ Kh8 40. R1g5 Bxf5+ 41. Kg2 Qd7 42. Qg3 Qc6+ 43.
Kg1 Qf6 44. Rg4 Bxg4 45. Rxg4 Qxf2+ 46. Qxf2 Rxf2 47. Rg7 Rf1+ 48. Kg2 R1f7 49. Rg5 Rg8 0-1

[Event "Early-Titled-Tuesday-Blitz-April-16-2024"]
[Site "Chess.com"]
[Date "2024.04.16"]
[Round "4"]
[White "MathiasWomacka"]
[Black "andrew-blr"]
[Result "0-1"]
[WhiteElo "2484"]
[BlackElo "2662"]
[TimeControl "180+1"]
[EndTime "8:40:27 PDT"]
[Termination "andrew-blr won on time"]

1. e4 c5 2. Nf3 e6 3. d4 cxd4 4. Nxd4 Bc5 5. Nc3 Qb6 6. Na4 Qa5+ 7. c3 Bxd4 8. Qxd4 Nf6 9. Nc5 Nc6 10. Qd6 Qd8 11.
e5 Ng4 12. Bf4 f6 13. exf6 Qxf6 14. Be2 e5 15. Ne4 Qxf4 16. Qd3 d5 17. Qxd5 Nf6 18. Nxf6+ Qxf6 19. O-O-O Be6 20. Qb5 Qe7 21. Bf3 O-O 22. Bxc6 bxc6 23. Qxe5 Rf5 24. Qe3 Qg5 25. Rhe1 Bxa2 26.
Qxg5 Rxg5 27. g3 Rf5 28. f4 Bd5 29. Re7 Rf7 30. Re5 Rff8 31. Kc2 Rfe8 32. Rde1 Rxe5 33. Rxe5 Kf7 34. b3 Re8 35. Rf5+ Kg6 36. Rg5+ Kf6 37. c4 Be6 38. Kc3 Bf5 39. g4 Be4 40. Ra5 Re7 41.
Kd4 h6 42. h4 Bf3 43. g5+ hxg5 44. hxg5+ Kg6 45. Kc5 Rf7 46. b4 Kf5 47. Kd6+ Kxf4 48.
g6 Rb7 0-1

[Event "Early-Titled-Tuesday-Blitz-April-16-2024"]
[Site "Chess.com"]
[Date "2024.04.16"]
[Round "4"]
[White "EddieUrquhart"]
[Black "Karttunen"]
[Result "1/2-1/2"]
[WhiteElo "2528"]
[BlackElo "2695"]
[TimeControl "180+1"]
[EndTime "8:40:28 PDT"]
[Termination "Game drawn - insufficient material"]

1. e4 e5 2. Nf3 Nc6 3. d4 exd4 4.
Bc4 Nf6 5. e5 d5 6. Bb5 Ne4 7.
Nxd4 Bd7 8. Bxc6 bxc6 9. O-O Bc5 10. f3 Ng5 11. f4 Ne4 12. Nc3 Bb6 13. Nxe4 dxe4 14.
Be3 c5 15. Nb3 Bb5 16. Rf2 Qxd1+ 17. Rxd1 c4 18. Nd4 O-O-O 19. Rfd2 Bd7 20. h3 Ba5 21. c3 c5 22. Ne2 Bb6 23. Ng3 Bc6 24. Nf5 Rd3 25. Nd6+ Kc7 26. Nxc4 Rhd8 27. Kf2 Ba4 28. b3 Bb5 29. Nd6 Bc6 30. Rxd3 exd3 31.
Nxf7 Rf8 32. Nd6 g5 33. g3 gxf4 34. gxf4 c4 35. Bxb6+ axb6 36. Ke3 b5 37. bxc4 bxc4 38. Nxc4 Rg8 39. Rxd3 Rg2 40. Kd4 Rxa2 41. Nd6 Ra4+ 42. Ke3 Ra1 43. Rd2 Re1+ 44. Re2 Rh1 45. f5 Rxh3+ 46.
Kf4 Rxc3 47. f6 Rf3+ 48. Kg5 Bd5 49. Kh6 Rh3+ 50. Kg7 Kd7 51. f7 Rg3+ 52. Kxh7 Ke7 53. Rb2 Rh3+ 54. Kg6 Rg3+ 55. Kh5 Bxf7+ 56. Nxf7 Kxf7 57.
Rb6 Rg1 58. Kh4 Ke7 59. Rf6 Re1 60. Rf5 Ke6 61. Rh5 Rxe5 62. Rxe5+ Kxe5 1/2-1/2

[Event "Early-Titled-Tuesday-Blitz-April-16-2024"]
[Site "Chess.com"]
[Date "2024.04.16"]
[Round "4"]
[White "Boundless_Strike"]
[Black "UK_23"]
[Result "0-1"]
[WhiteElo "2643"]
[BlackElo "2491"]
[TimeControl "180+1"]
[EndTime "8:40:29 PDT"]
[Termination "UK_23 won by checkmate"]

1. d4 Nf6 2. f3 d5 3. e4 dxe4 4. Nc3 c6 5. Bc4 g6 6. fxe4 e5 7. Nf3 exd4 8. Bg5 Be7 9. Qxd4 Qxd4 10. Nxd4 h6 11. Bh4 g5 12. Bg3 b5 13. Bb3 b4 14. e5 bxc3 15. exf6 cxb2 16. Rb1 Bxf6 17. c3 Ba6 18. Rxb2 c5 19. Rf2 Nd7 20. Nf5 Bxc3+ 21.
Kd1 Nf6 22. Nd6+ Kd7 23. Kc2 Bd4 24. Rd2 Nh5 25. Ba4+ Ke6 26. Re1+ Kf6 27. Ne4+ Kg6 28. Bd6 Rhd8 29. Bb3 Rac8 30. Be7 Rd7 31. Bd6 Rcd8 32.
g4 Nf4 33. Bxf4 gxf4 34. Red1 Bb5 35. a4 Bc6 36. Nc3 Be3 37. Rxd7 Rxd7 38. Re1 Rd2+ 39. Kb1 Rxh2 40. Bd5 Bd2 41. Rd1 Bxc3 42. Bxc6 Bd4 43. Be4+ Kg5 44. Bf5 h5 45. Rf1 hxg4 46. Bd7 g3 47. Bc6 Rf2 48. Rd1 f3 49. Rh1 g2 50.
Rc1 Rf1 51. Bxf3 Rxf3 52. Rd1 Rf1 53. Kc1 Rxd1+ 54. Kxd1 g1=Q+ 55. Ke2 Qe3+ 56. Kf1 Qf2# 0-1

[Event "Early-Titled-Tuesday-Blitz-April-16-2024"]
[Site "Chess.com"]
[Date "2024.04.16"]
[Round "4"]
[White "SahibSinghKnight"]
[Black "KVAIDAN"]
[Result "1-0"]
[WhiteElo "2632"]
[BlackElo "2331"]
[TimeControl "180+1"]
[EndTime "8:40:29 PDT"]
[Termination "SahibSinghKnight won by checkmate"]

1. e4 e5 2. Nf3 d6 3. d4 Nd7 4.
Nc3 Ngf6 5. Bc4 Be7 6. O-O O-O 7.
Re1 c6 8. a4 Qc7 9. h3 b6 10.
Ba2 Ba6 11. d5 cxd5 12. Nxd5 Nxd5 13. Bxd5 Bb7 14. Bg5 Bxg5 15. Bxb7 Qxb7 16. Nxg5 h6 17. Nf3 Nf6 18. Qxd6 Nxe4 19. Qxe5 Rfe8 20. Qf4 Rac8 21. c3 Nc5 22. Rxe8+ Rxe8 23. b4 Ne6 24. Qd2 Rd8 25. Qe3 Qd7 26. a5 b5 27. h4 a6 28.
Qb6 Nf4 29. Re1 Ra8 30. Qe3 Qg4 31. g3 Nd5 32. Qd3 Nc7 33. Re4 Qh5 34. Re5 Qg4 35.
Re7 Ne6 36. Rxf7 Rd8 37. Qe3 Qh3 38. Re7 Rd1+ 39. Ne1 Nf8 40. Qe2 Rc1 41. Qd2 Ra1 42. Qd5+ Kh8 43. Re8 Kh7 44. Qe4+ Ng6 45. Re6 Rxe1+ 46.
Qxe1 Qg4 47. Qe4 Qh5 48. g4 Qxh4 49. Qxg6+ Kg8 50. Re8# 1-0

[Event "Early-Titled-Tuesday-Blitz-April-16-2024"]
[Site "Chess.com"]
[Date "2024.04.16"]
[Round "4"]
[White "sorch29"]
[Black "rionelG"]
[Result "1-0"]
[WhiteElo "2470"]
[BlackElo "2210"]
[TimeControl "180+1"]
[EndTime "8:40:29 PDT"]
[Termination "sorch29 won on time"]

1. Nf3 Nf6 2. b3 g6 3. Bb2 Bg7 4. g3 O-O 5. Bg2 d6 6. O-O e5 7. c4 Re8 8. Nc3 Nbd7 9. e4 Nc5 10. d3 Bg4 11. h3 Bxf3 12. Bxf3 Ne6 13. Ne2 c5 14.
Bg2 a6 15. f4 Nd4 16. Nxd4 cxd4 17. Bc1 Nd7 18. Qf3 b5 19. f5 bxc4 20. bxc4 Rb8 21. h4 h6 22. Bh3 Kh7 23. Rf2 Rb7 24. Bd2 Nc5 25. f6 Bf8 26. h5 g5 27. Rd1 Ne6 28. Bxe6 Rxe6 29. Qf5+ Kh8 30. Rdf1 Rb2 31. Bxg5 Rxf2 32.
Rxf2 hxg5 33. Qxg5 Kh7 34. Qf5+ Kh8 35. g4 Bh6 36. g5 Bxg5 37. Qxg5 Qg8 38. Qxg8+ Kxg8 39. Kg2 Kh7 40. Kg3 Kh6 41. Rf5 Re8 42. Rf2 Rg8+ 43.
Kh3 Kxh5 44. Rb2 Rg6 45. Rb6 Rxf6 46. Kg3 Rg6+ 47. Kf2 d5 48. Rxg6 Kxg6 49. cxd5 f5 50. d6 Kf6 51. exf5 1-0

[Event "Early-Titled-Tuesday-Blitz-April-16-2024"]
[Site "Chess.com"]
[Date "2024.04.16"]
[Round "4"]
[White "ural58"]
[Black "rhwr"]
[Result "0-1"]
[WhiteElo "2470"]
[BlackElo "2281"]
[TimeControl "180+1"]
[EndTime "8:40:30 PDT"]
[Termination "rhwr won by checkmate"]

1. e4 c5 2. b3 e6 3. Nf3 d5 4. Bb5+ Bd7 5. Qe2 dxe4 6. Ne5 Nf6 7. Nxd7 Nbxd7 8. Bb2 a6 9. Bxf6 gxf6 10. Bxd7+ Qxd7 11. Qxe4 Qd5 12. Nc3 Qxe4+ 13. Nxe4 Be7 14. O-O-O f5 15. Nc3 O-O-O 16. g3 b5 17. a4 b4 18. Ne2 Bf6 19. f4 Kc7 20. d3 h5 21. h4 Rhg8 22.
Rhf1 Kc6 23. Rf3 Rg7 24. Kd2 Rdg8 25. Rh1 Bd4 26. Rh3 Kd5 27. c3 bxc3+ 28. Nxc3+ Bxc3+ 29. Kxc3 f6 30. b4 Rb7 31. bxc5 Kxc5 32. Re3 Kd5 33. Re1 Rc8+ 34. Kd2 Rb2+ 35. Ke3 Rcc2 36. Rhh1 Rg2 37. Rhg1 Rgc2 38. Rgf1 Ra2 39. Ra1 Rab2 40. Rae1 a5 41. Kf3 e5 42. fxe5 fxe5 43. Ke3 Rg2 44. Rxf5 Rxg3+ 45. Rf3 Rxf3+ 46. Kxf3 Rb4 47. Rg1 Rxh4 48.
Rg5 Kd4 49. Ke2 Rh2+ 50. Ke1 h4 51. Rg8 Kxd3 52. Ra8 e4 53. Rxa5 Ke3 54. Kf1 h3 55. Rb5 Rh1# 0-1

[Event "Early-Titled-Tuesday-Blitz-April-16-2024"]
[Site "Chess.com"]
[Date "2024.04.16"]
[Round "4"]
[White "mapleaff"]
[Black "HighLawView"]
[Result "0-1"]
[WhiteElo "2296"]
[BlackElo "2111"]
[TimeControl "180+1"]
[EndTime "8:40:30 PDT"]
[Termination "HighLawView won by checkmate"]

1. d4 d5 2. Bf4 Nf6 3. Nf3 c5 4. e3 e6 5. Nbd2 Bd6 6. Bg3 Qc7 7. Bxd6 Qxd6 8. Ne5 cxd4 9. exd4 Qb4 10. Bd3 Qxd4 11. Ndf3 Qxb2 12. O-O O-O 13. Rb1 Qc3 14. Rb3 Qc7 15.
Qe2 Nc6 16. Nxc6 bxc6 17. Ne5 c5 18. c4 Ba6 19. Rc1 Rfe8 20. g4 dxc4 21. Nxc4 Qf4 22.
Nd2 Bxd3 23. Rxd3 Nxg4 24. Nf3 Rac8 25. Rcd1 e5 26. h3 e4 27. Re3 Nf6 28. Ne1 Rcd8 29. Rc1 Nd5 30. Ng2 Qg5 31. h4 Qh6 32. Rc4 Nxe3 33. Nxe3 Qg6+ 34. Kh2 Qd6+ 35. Kg2 Qf4 36.
Rxc5 Rd6 37. Rg5 h6 38. Rg3 Qxh4 39. Qc4 Qf4 40. Qc3 Rf6 41. Qd4 Qxf2+ 42. Kh3 Rg6 43. Rxg6 fxg6 44. Qd5+ Kh7 45. Ng4 Qf3+ 46. Kh4 g5+ 47. Kh5 Qh3# 0-1

[Event "Early-Titled-Tuesday-Blitz-April-16-2024"]
[Site "Chess.com"]
[Date "2024.04.16"]
[Round "4"]
[White "Slovineanu"]
[Black "C_K_G"]
[Result "1-0"]
[WhiteElo "2499"]
[BlackElo "2282"]
[TimeControl "180+1"]
[EndTime "8:40:32 PDT"]
[Termination "Slovineanu won on time"]

1. d4 d5 2. Nf3 e6 3. c4 Nf6 4. e3 c6 5. Nbd2 Bd6 6. Bd3 Nbd7 7. O-O O-O 8. e4 dxe4 9. Nxe4 Nxe4 10. Bxe4 h6 11. Bc2 e5 12. Re1 exd4 13. Qd3 Nf6 14. Qxd4 Bg4 15. Bf4 Bb4 16. Qxd8 Raxd8 17. Red1 Bxf3 18.
gxf3 Rfe8 19. Kf1 Bc5 20. a3 a5 21. Bc7 Rxd1+ 22. Rxd1 b6 23. Rb1 Rc8 24. Be5 Nh5 25. b4 axb4 26. axb4 Bf8 27. Bf5 Re8 28. Bc7 b5 29. c5 Re7 30. Bd6 Ra7 31. Be4 Ra6 32. Be5 Be7 33. Rd1 Kf8 34. Rd7 Nf6 35. Bxf6 Bxf6 36.
Rc7 Bc3 37. Bxc6 Bxb4 38. Bd5 f6 39. c6 Ke8 40. Rxg7 Ra1+ 41. Kg2 Rc1 42. c7 Bf8 43. Rh7 Bd6 44. Rh8+ Kd7 45. Rh7+ Be7 46. c8=Q+ Rxc8 47. Be4 Rc1 48. Rxh6 b4 49. Rh5 b3 50. Rb5 Rc3 51.
h4 1-0

[Event "Early-Titled-Tuesday-Blitz-April-16-2024"]
[Site "Chess.com"]
[Date "2024.04.16"]
[Round "4"]
[White "masterofpuppets2"]
[Black "Kostukov_Alex"]
[Result "0-1"]
[WhiteElo "2471"]
[BlackElo "2288"]
[TimeControl "180+1"]
[EndTime "8:40:32 PDT"]
[Termination "Kostukov_Alex won by resignation"]

1. d4 g6 2. c4 Bg7 3. e4 d6 4. Nc3 e5 5. d5 f5 6. exf5 Bxf5 7. Bd3 Nf6 8. Nge2 O-O 9. Ng3 Bxd3 10. Qxd3 Nbd7 11. Bg5 Nc5 12. Qc2 a5 13. O-O-O Qd7 14. f3 a4 15. Kb1 a3 16. b3 Ra6 17. Bxf6 Bxf6 18. Nge4 Nxe4 19. Nxe4 Bg7 20. h4 h6 21. Nc3 e4 22. Nxe4 Qf5 23. Rd3 Raa8 24. h5 g5 25. Rhd1 Rae8 26. b4 Rxe4 27. fxe4 Qxe4 28. Rf3 Qe5 29. Rxf8+ Kxf8 30. Qb3 Qe4+ 31. Qd3 Qe5 32. Rd2 Qa1+ 33. Kc2 Qxa2+ 34. Kd1 Qa1+ 35. Ke2 a2 36. Qf5+ Kg8 37. Qe6+ Kh7 38. Kf3 Qe5 39.
Qxe5 Bxe5 40. Rd1 a1=Q 41. Rxa1 Bxa1 42. c5 Be5 43. c6 bxc6 44. dxc6 Bd4 45. b5 Bb6 46.
Ke4 Kg7 47. Kf5 Kf7 48. g3 Bc5 49. Ke4 Kf6 50. g4 Bb6 51. Kd5 Ba5 52. Ke4 Ke6 53.
Kd4 Bb6+ 54. Ke4 d5+ 55. Kd3 Ke5 56. Ke2 Kf4 57. Kd3 Kxg4 0-1

[Event "Early-Titled-Tuesday-Blitz-April-16-2024"]
[Site "Chess.com"]
[Date "2024.04.16"]
[Round "4"]
[White "tarno17"]
[Black "diamonds13"]
[Result "0-1"]
[WhiteElo "2123"]
[BlackElo "2333"]
[TimeControl "180+1"]
[EndTime "8:40:32 PDT"]
[Termination "diamonds13 won by checkmate"]

1. e4 c5 2. Nf3 e6 3. d3 Nc6 4. g3 d5 5. Nc3 d4 6. Ne2 Nf6 7. Bg2 e5 8. O-O h5 9. h3 Be6 10. Nh2 Qd7 11. h4 Bg4 12. f4 O-O-O 13. f5 Be7 14. Bg5 Ng8 15. Bxe7 Ngxe7 16. Nxg4 hxg4 17. f6 gxf6 18. Rxf6 Ng8 19. Rf2 Nh6 20. Qd2 Rdg8 21. Raf1 Rg6 22. Rf6 Nd8 23. Rxg6 fxg6 24. c3 Ne6 25. cxd4 Nxd4 26. Nxd4 Qxd4+ 27. Kh2 Qd6 28. a3 Ng8 29. b4 c4 30. Rc1 b5 31.
a4 Kb8 32. axb5 Qxd3 33. Qg5 Nh6 34. Qe7 Qd4 35. Rc2 Rc8 36. b6 Qxb6 37. Qxe5+ Qc7 38. Qf6 Ng8 39. Qg5 Ne7 40. Qe3 Qe5 41. Qd2 c3 42. Qe3 g5 43. Ra2 Rc7 44. hxg5 c2 45. Qc1 Ng6 46. Kg1 Qd4+ 47. Kh1 Rh7+ 48. Bh3 Rxh3+ 49. Kg2 Nf4+ 50. gxf4 Qxe4+ 51. Kg1 Rh1+ 52. Kf2 Rxc1 53. b5 Rf1+ 54. Kxf1 c1=Q+ 55. Kf2 Qcxf4+ 56. Kg1 Qg3+ 57. Kf1 Qh1+ 58. Ke2 Qhh2+ 59. Kf1 Qgg1# 0-1

[Event "Early-Titled-Tuesday-Blitz-April-16-2024"]
[Site "Chess.com"]
[Date "2024.04.16"]
[Round "4"]
[White "Yan_Dyomin2010"]
[Black "Veleamater"]
[Result "0-1"]
[WhiteElo "2639"]
[BlackElo "2418"]
[TimeControl "180+1"]
[EndTime "8:40:33 PDT"]
[Termination "Veleamater won by resignation"]

1. e4 d6 2. d4 g6 3. Nc3 Bg7 4. Be3 Nf6 5. h3 Nc6 6. Nf3 a6 7. Qd2 b5 8. Bd3 O-O 9. O-O e5 10. dxe5 dxe5 11. a4 b4 12. Ne2 Re8 13. Rfd1 Qe7 14.
Ng3 Be6 15. Ng5 Red8 16. Nxe6 Qxe6 17. b3 a5 18. Qe1 h5 19. Bc4 Qe7 20. f3 Nd4 21.
Qf2 c5 22. Rd2 Rab8 23. Rad1 Nd7 24. Ne2 Kh7 25. c3 bxc3 26. Nxc3 Nf6 27. Nb5 Nd7 28. Rd3 f5 29. exf5 gxf5 30. f4 e4 31. R3d2 Nb6 32.
Nxd4 cxd4 33. Bxd4 Nxc4 34. bxc4 Rg8 35. Qe2 Qh4 36.
Bf2 Qxf4 37. Qxh5+ Qh6 38. Qxf5+ Kh8 39. Rd6 Qh7 40.
Qf4 Rbf8 41. Qe3 Be5 42. R6d5 Bf4 43. Qd4+ Rg7 44. Rd7 Rg8 45. Rxg7 Rxg7 46. Qd8+ Rg8 47. Qf6+ Qg7 48. Qxg7+ Kxg7 49. g3 Bh6 50. Re1 Re8 51. Be3 Bxe3+ 52. Rxe3 Kf6 53. Kf2 Ke5 54. Rb3 Kd4 55.
Rb5 Rf8+ 56. Ke2 Rf3 57. Rg5 Re3+ 58. Kd2 Ra3 59. h4 Rxa4 60. h5 Ra2+ 61. Kc1 Rh2 62. g4 Kc3 63. Kd1 a4 64. Ra5 Kd3 65. Ke1 e3 66. Rd5+ Ke4 67. Ra5 Kf3 68. Rf5+ Kxg4 69. Rf6 a3 70. Ra6 a2 71. h6 a1=Q+ 0-1

[Event "Early-Titled-Tuesday-Blitz-April-16-2024"]
[Site "Chess.com"]
[Date "2024.04.16"]
[Round "4"]
[White "Rosh1610"]
[Black "Alexei_Gubajdullin"]
[Result "1-0"]
[WhiteElo "2446"]
[BlackElo "2621"]
[TimeControl "180+1"]
[EndTime "8:40:34 PDT"]
[Termination "Rosh1610 won by resignation"]

1. e4 g6 2. d4 Bg7 3. Nc3 d6 4. f4 a6 5. Nf3 b5 6. Bd3 Nd7 7. O-O c5 8. d5 c4 9. Be2 Ngf6 10. Be3 Ng4 11. Bd4 Bxd4+ 12. Qxd4 Qb6 13. Kh1 Qxd4 14. Nxd4 Ngf6 15. a3 Nc5 16. Bf3 Bg4 17. e5 Bxf3 18.
exf6 Bg4 19. Rfe1 e6 20. h3 Bf5 21. g4 Bxc2 22. Nxc2 Nd3 23. Rf1 Nxb2 24. dxe6 fxe6 25. f5 gxf5 26. gxf5 e5 27. Rg1 Kf7 28. Ne4 Rhg8 29. Ne3 Nd3 30. Nd5 Rxg1+ 31. Rxg1 Rg8 32. Nxd6+ Kf8 33.
Rxg8+ Kxg8 34. Nc7 Nc5 35. Ne6 Nd7 36. f7+ Kh8 37. Ne4 a5 38. N4c5 Nf8 39. Nxf8 Kg7 40. Nfe6+ Kxf7 41. Kg2 b4 42. axb4 axb4 43. Kf3 Kf6 44.
Kg4 h5+ 45. Kxh5 Kxf5 46. Nc7 b3 47. Na4 e4 48. Nd5 Ke5 49. Nac3 b2 50. Kg4 Kd4 51. h4 Kd3 52. h5 e3 53. h6 e2 54. h7 e1=Q 55.
h8=Q Qg1+ 56. Kf5 b1=Q 57. Nxb1 Qxb1 58. Qc3+ Ke2+ 59. Ke5 Qd3 60. Nf4+ Ke3 61. Nxd3 cxd3 62. Qe1+ Kf3 63. Kd4 d2 64. Qxd2 Kg4 65. Qg2+ Kf5 66. Qf3+ Ke6 67. Qh5 Kf6 68. Kd5 1-0

[Event "Early-Titled-Tuesday-Blitz-April-16-2024"]
[Site "Chess.com"]
[Date "2024.04.16"]
[Round "4"]
[White "zsizsi99"]
[Black "Knightmare1014"]
[Result "0-1"]
[WhiteElo "2486"]
[BlackElo "2306"]
[TimeControl "180+1"]
[EndTime "8:40:35 PDT"]
[Termination "Knightmare1014 won on time"]

1. e4 c5 2. Nf3 e6 3. d4 cxd4 4. Nxd4 a6 5. c4 Nf6 6. Nc3 Bb4 7. Bd2 Bxc3 8. Bxc3 Nxe4 9. Qg4 Nxc3 10. Qxg7 Rf8 11.
bxc3 Qa5 12. Nb3 Qf5 13. c5 Nc6 14. Be2 Qg6 15. Qxg6 fxg6 16. Bf3 Ke7 17. O-O-O Ne5 18. Nd4 Rb8 19. Rhe1 Nxf3 20. gxf3 b5 21. c6 Rb6 22.
Re5 dxc6 23. Rde1 Rf6 24. R1e3 Bb7 25. Nb3 c5 26. Nxc5 Bxf3 27. Kb2 Bg4 28. Ne4 Rf4 29.
Ka3 Bf5 30. Kb4 Rc6 31. Ka5 Bxe4 32. R5xe4 Rxe4 33. Rxe4 Rxc3 34. Re2 Ra3+ 35. Kb6 b4 36. Kc5 a5 37. Kc4 Rh3 38. f4 Rh5 39. Kd4 Rf5 40.
Ke4 Kf6 41. Rc2 Rb5 42. Rc8 a4 43. Rf8+ Ke7 44. Ra8 b3 45. axb3 axb3 46. Ra1 b2 47.
Rb1 Kf6 48. h4 Rb4+ 49. Kd3 Kf5 50. Kc3 Rb8 51. Kc2 Kxf4 52. Rf1+ Ke3 53. Kb1 e5 54. Re1+ Kf4 55. h5 gxh5 56. Rh1 e4 57. Rxh5 e3 58. Rh4+ Kf3 59. Rh3+ Ke2 60. Rxh7 Rb4 0-1

[Event "Early-Titled-Tuesday-Blitz-April-16-2024"]
[Site "Chess.com"]
[Date "2024.04.16"]
[Round "4"]
[White "amintabatabaei"]
[Black "AlmasRakhmatullaev"]
[Result "1-0"]
[WhiteElo "3050"]
[BlackElo "2861"]
[TimeControl "180+1"]
[EndTime "8:40:36 PDT"]
[Termination "amintabatabaei won by resignation"]

1. Nf3 d5 2. b3 c6 3. Bb2 Nf6 4. e3 g6 5. c4 Bg7 6. Be2 O-O 7. O-O Nbd7 8. d4 b6 9. Nc3 Bb7 10. Rc1 e6 11. a4 Re8 12. Qc2 Rc8 13. Rfd1 Qc7 14.
h3 Qb8 15. Qb1 h6 16. a5 c5 17. axb6 axb6 18. Nb5 Bc6 19. cxd5 Bxd5 20. Ne5 Bxb3 21. Rd2 Bd5 22. Nxd7 Nxd7 23. e4 Bc6 24. dxc5 Qf4 25. Rcd1 Nxc5 26. Bxg7 Nxe4 27. Bxh6 Qxh6 28. Rc2 Bxb5 29.
Bxb5 Qh5 30. Bxe8 Rxe8 31. Re1 Ng5 32. Rc3 Rd8 33. Qxb6 Rd5 34. Qb8+ Kg7 35. Rg3 Rf5 36. Qb2+ Kh7 37. Qc3 Qh4 38. Qe3 e5 39. Qe2 Ne6 40.
Rg4 Qf6 41. Re4 Nf4 42. Qe3 Rg5 43. g4 Ne6 44. Rxe5 Rxe5 45. Qxe5 Qh4 46. Qg3 Qf6 47.
Qg2 Nf4 48. Qf3 g5 49. Re4 Qa1+ 50. Kh2 Qf6 51. Kg3 Qd6 52. Rxf4 gxf4+ 53. Qxf4 Qe6 54. Qf5+ Kg7 55. Qxe6 fxe6 56. Kf4 Kf6 57. g5+ 1-0

[Event "Early-Titled-Tuesday-Blitz-April-16-2024"]
[Site "Chess.com"]
[Date "2024.04.16"]
[Round "4"]
[White "Schattman"]
[Black "Fjal"]
[Result "0-1"]
[WhiteElo "2489"]
[BlackElo "2320"]
[TimeControl "180+1"]
[EndTime "8:40:36 PDT"]
[Termination "Fjal won on time"]

1. d4 d6 2. e4 g6 3. Nc3 Bg7 4. h4 h5 5. Be3 a6 6. Qd2 b5 7.
f3 Nd7 8. Nd5 Bb7 9. a4 Bxd5 10.
exd5 Ngf6 11. axb5 axb5 12. Rxa8 Qxa8 13. Bxb5 Qa1+ 14.
Kf2 Qxb2 15. c4 Qb1 16. Qc1 Qf5 17. Ke2 O-O 18. Nh3 Ra8 19. Qb1 Qxb1 20. Rxb1 Ra2+ 21. Kf1 Nb6 22. Nf2 Rc2 23. Rc1 Rb2 24. Nd3 Rb3 25.
Ke2 Nfxd5 26. cxd5 Rxb5 27. Nf4 Rb2+ 28. Kd3 Rb3+ 29. Ke2 Bh6 30. Rxc7 Bxf4 31. Bxf4 Nxd5 32. Rc8+ Kg7 33. Bd2 Rb2 34. Kd3 Rb3+ 35. Ke2 Ra3 36. Rb8 Ra2 37. Kd3 Ra3+ 38. Ke2 Ra2 39. Kd3 Ra1 40. Ke2 Rg1 41. Kf2 Rd1 42. Ke2 Rh1 43.
Rb5 e6 44. Bg5 Rg1 45. Kf2 Rd1 46. Be3 Rd3 47. Bg5 Rxd4 48. Rb8 Rb4 49. Rc8 Rb2+ 50. Kg1 Nb4 51. g4 hxg4 52. fxg4 Nd3 53. h5 gxh5 54. gxh5 Rb5 55. h6+ Kh7 56. Bd2 Rb2 57. Be3 Ne5 58. Rc7 Rb3 59. Bd2 Nf3+ 60. Kf2 Nxd2 61. Ke2 Ne4 62. Rxf7+ Kxh6 63. Rf6+ Nxf6 0-1

[Event "Early-Titled-Tuesday-Blitz-April-16-2024"]
[Site "Chess.com"]
[Date "2024.04.16"]
[Round "4"]
[White "Bwert2602"]
[Black "Chesstiger64"]
[Result "1/2-1/2"]
[WhiteElo "2188"]
[BlackElo "2389"]
[TimeControl "180+1"]
[EndTime "8:40:36 PDT"]
[Termination "Game drawn - insufficient material"]

1. e4 c5 2. Nf3 e6 3. Nc3 Nc6 4. Bb5 Nd4 5. O-O Nxb5 6. Nxb5 a6 7. Nc3 b5 8. d4 cxd4 9. Nxd4 Bb7 10. Re1 Ne7 11.
b3 Nc6 12. Bb2 Be7 13. Nd5 O-O 14. Nxc6 Bxc6 15. Nxe7+ Qxe7 16. Qd4 e5 17. Qxe5 Qxe5 18. Bxe5 Rfe8 19. Bd6 Bxe4 20. Re2 Bf5 21. Rae1 Re6 22. Rxe6 dxe6 23. c3 Rc8 24. Be5 f6 25. Bd4 e5 26.
Be3 Rxc3 27. Rc1 Rd3 28. h3 h5 29. Rc6 a5 30. Ra6 Bd7 31. Rxa5 f5 32. Ra7 f4 33. Bc5 g5 34. a4 bxa4 35. bxa4 g4 36. hxg4 hxg4 37. a5 g3 38. Kf1 Bb5 39. Ke1 f3 40. fxg3 fxg2 41. Rb7 Bc4 42. Rb2 Rxg3 43. Bg1 Ra3 44.
Rxg2+ Kf7 45. Rf2+ Ke6 46. Rc2 Bd5 47. Rc5 e4 48.
Kd2 Ra2+ 49. Kc3 Ra3+ 50. Kb4 Rb3+ 51. Ka4 Rb1 52. a6 Rxg1 53. Kb5 Rc1 54. Rxc1 e3 55.
Kb6 Ke5 56. Re1 Kf4 57. Rxe3 Kxe3 58. Kc7 Be4 59. a7 Bf3 60. Kb8 Be4 61. a8=Q Bxa8 1/2-1/2